 Dungeon Crawl Stone Soup version 0.21.1-1-g345015f (webtiles) character file.

131 Monsterracer the Sneak (level 5, -16/31 HPs)
             Began as an Octopode Enchanter on Feb 13, 2018.
             Was an Initiate of Vehumet.
             Engulfed by a cloud of flame (25 damage)
             ... on level 3 of the Dungeon.
             The game lasted 00:02:41 (2406 turns).

Monsterracer the Sneak (Octopode Enchanter)         Turns: 2406, Time: 00:02:42

Health: -16/31     AC:  1    Str:  8    XL:     5   Next: 14%
Magic:  8/8        EV: 13    Int: 18    God:    Vehumet [......]
Gold:   114        SH:  0    Dex: 12    Spells: 0/9 levels left

rFire    . . .     SeeInvis .   a - +2 dagger (venom)
rCold    . . .     Gourm    .   (no shield)
rNeg     + . .     Faith    .   (helmet restricted)
rPois    .         Spirit   .   (no amulet)
rElec    .         Reflect  .   e - ring of positive energy {!d}
rCorr    .         Harm     .   (no ring)
MR       .....                  (no ring)
Stlth    ++++......             (no ring)
HPRegen  0.10/turn              (no ring)
MPRegen  0.11/turn              (no ring)
                                (no ring)
                                (no ring)

@: no status effects
A: almost no armour, stealthy swim, amphibious, 8 rings, constrict 8, camouflage
1, gelatinous body 1
a: Renounce Religion


You were on level 3 of the Dungeon.
You worshipped Vehumet.
Vehumet was noncommittal.
You were not hungry.

You visited 1 branch of the dungeon, and saw 3 of its levels.

You collected 114 gold pieces.

Inventory:

Hand Weapons
 a - a +2 dagger of venom (weapon)
Jewellery
 e - a ring of positive energy (left tentacle) {!d}
Scrolls
 d - a scroll of noise {unknown}
 f - 2 scrolls of identify {unknown}
 g - a scroll of random uselessness {unknown}
 h - a scroll of teleportation {unknown}
Comestibles
 b - 5 chunks of flesh
 c - 4 rations


   Skills:
 * Level 2.8 Short Blades
 - Level 2.0 Dodging
 * Level 5.6 Stealth
 + Level 2.5 Spellcasting
 + Level 3.5 Hexes


You couldn't memorise any spells.
You knew the following spells:

 Your Spells              Type           Power        Failure   Level  Hunger
a - Corona                Hex            ###....      4%          1    #......
b - Ensorcelled Hibernat  Hex/Ice        #.....       12%         2    ##.....
c - Confuse               Hex            ###.....     12%         3    ###....
d - Tukima's Dance        Hex            ###.....     12%         3    ###....


Dungeon Overview and Level Annotations

Branches:
Dungeon (3/15)

Altars:
Vehumet


Innate Abilities, Weirdness & Mutations

You cannot wear most types of armour.
You are very stealthy in the water. (Stealth+)
You are amphibious.
You can wear up to eight rings at the same time.
You can use your tentacles to constrict eight enemies at once.
Your skin changes colour to match your surroundings (Stealth+).
Your rubbery body absorbs attacks. (AC +1, EV +1)


Message History

You hit the orc priest.
The orc priest is almost dead.
You constrict the orc priest.
You kill the orc priest!
You have reached level 5!
You feel stronger.
You regained 3 hp, and now have 22/31 hp.
MP restored: 8 You hit the hobgoblin.
The hobgoblin is poisoned.
You grab the hobgoblin.
The hobgoblin is moderately wounded.
You constrict the hobgoblin. The hobgoblin closely misses you.
You hit the hobgoblin but do no damage.
The hobgoblin is severely wounded.
You constrict the hobgoblin, but do no damage.
You kill the hobgoblin!
You hit the kobold.
The kobold is poisoned.
Your grab misses the kobold.
The kobold is moderately wounded.
The kobold closely misses you.
You hit the kobold but do no damage.
The kobold looks even sicker.
Your grab misses the kobold. Your squeeze misses the kobold.
The kobold is severely wounded.
You kill the kobold!
Items here: ))) †† a whip; a club x2; a hobgoblin corpse; an orc corpse Memorise Tukima's Dance, consuming 3 spell levels and leaving 0?
You start memorising the spell.
You continue memorising. x3
You finish memorising.
Spell assigned to 'd'.
Drop what? 8/52 slots (_ for help) (? for menu, Esc to quit)
You drop a book of Maledictions.
You are feeling hungry.
You regained 7 hp, and now have 30/31 hp.
HP restored.
You butcher the hobgoblin corpse.
b - 3 chunks of flesh You butcher the orc corpse.
b - 6 chunks of flesh (gained 3)
Items here: ))) : a book of Maledictions; a whip; a club x2
Items here: ))) : a book of Maledictions; a whip; a club x2
Eating one of 6 chunks of flesh.
You eat one of the 6 chunks of flesh.
This raw flesh tastes terrible.
The orc is too close now for your liking.
There is an open door here.
Health restored: 31 An orc is nearby!
An orc is nearby!
No target in view!
No target in view!
No target in view!
No target in view!
No target in view!
No target in view!
No target in view!
The goblin is too close now for your liking.
A rat comes into view.
The orc shouts!
The orc hits you with a club.
You take 2 damage, and have 29/31 hp.
You hit the orc.
The orc is poisoned.
You grab the orc.
The orc is moderately wounded.
You constrict the orc. You hit the orc.
You kill the orc!
You hit the rat.
The rat is poisoned.
Your grab misses the rat. Your squeeze misses the rat.
The rat is severely wounded.
The rat bites you but does no damage.
You hit the rat.
You kill the rat!
You now have 114 gold pieces (gained 6).
Things that are here:
a club; a rat corpse Health restored: 31 No target in view!
Key pressed, stopping explore.
No target in view!
No target in view!
You open the door.
Found a radiant altar of Vehumet.
There is an open door here.
No target in view!
Found 17 stones and a bat corpse.
f - 2 scrolls labeled PIMMEO COFARIO (gained 1) Key pressed, stopping explore.
No target in view!
Really walk into a travel-excluded area?
Really walk into that cloud of flame? [Y]es or [N]o only, please.
Really walk into that cloud of flame?
You are engulfed in blazing flames.
Ouch! That really hurt!
* * * LOW HITPOINT WARNING * * *
There is a radiant altar of Vehumet here.
You take 22 damage, and have 9/31 hp.
MASSIVE DAMAGE!!
You curl up in front of the altar of Vehumet.
Vehumet welcomes you!
You are engulfed in blazing flames.
Ouch! That really hurt!
You die...

###### ##....#
####### .##.##.#
#.§†..####.#...#.#
#..........#...#.#
#..§$§#...##...#.#
#§§§@.#...##.###)#
#.....#...##.# #.#
#.........##.# #.#
#.........##.# #.# .
#.........'..###.###.
#(........####.......
#######...# #.#.#(..
##### #>......
#.....#.


There were no monsters in sight!

Vanquished Creatures
  An orc priest (D:3)
  4 adders (D:2)
  2 worms (D:2)
  A dart slug (D:3)
  2 leopard geckos
  2 orcs (D:3)
  A ball python (D:1)
  2 giant cockroaches
  8 goblins
  6 hobgoblins
  8 kobolds
  7 bats
  2 frilled lizards
  7 rats
53 creatures vanquished.

Vanquished Creatures (others)
  A bat (D:3)
1 creature vanquished.

Grand Total: 54 creatures vanquished

Notes
Turn   | Place    | Note
-------+----------+-------------------------------------------
     0 | D:1      | Monsterracer the Octopode Enchanter began the quest for the Orb.
     0 | D:1      | Reached XP level 1. HP: 11/11 MP: 3/3
   187 | D:1      | Reached XP level 2. HP: 17/17 MP: 5/5
   194 | D:1      | Learned a level 2 spell: Ensorcelled Hibernation
   436 | D:1      | HP: 8/17 [poisoned by a goblin]
   442 | D:1      | HP: 5/17 [poisoned by a goblin]
   448 | D:1      | HP: 3/17 [poisoned by a goblin]
   456 | D:1      | HP: 2/17 [poisoned by a goblin]
   801 | D:1      | Reached XP level 3. HP: 21/21 MP: 6/6
   883 | D:1      | Learned a level 3 spell: Confuse
  1356 | D:2      | Reached skill level 5 in Stealth
  1387 | D:2      | Reached XP level 4. HP: 25/27 MP: 7/7
  1555 | D:2      | HP: 12/27 [worm (5)]
  2256 | D:3      | Reached XP level 5. HP: 22/31 MP: 8/8
  2266 | D:3      | Learned a level 3 spell: Tukima's Dance
  2389 | D:3      | Found a radiant altar of Vehumet.
  2404 | D:3      | HP: 9/31 [something (22)]
  2405 | D:3      | Became a worshipper of Vehumet
  2406 | D:3      | Engulfed by a cloud of flame

Skill      XL: |  1  2  3 |
---------------+----------+-----
Short Blades   | 2 |  2.8
Stealth        | 5 |  5.6
Dodging        | |  2.0
Spellcasting   | |  2.5
Hexes          | |  3.5

Action                   |  1- 3 |  4- 6 || total
-------------------------+-------+-------++-------
Melee: Dagger            |    57 |    36 ||    93
       Constrict         |    12 |     8 ||    20
       Tentacles         |     1 |     2 ||     3
 Cast: Ensorcelled Hiber |     1 |       ||     1
       Corona            |     1 |       ||     1
  Use: Potion            |     1 |       ||     1
 Stab: Sleeping          |    15 |     6 ||    21
  Eat: Chunk             |     2 |     3 ||     5
Armor: Skin              |     3 |     3 ||     6
Dodge: Dodged            |    29 |    13 ||    42

Vault maps used:
D:1:      lightli_arrival_chessboard, st_stairs_10, serial_park_tiny_1,
          minmay_misc_feat_plants
D:3:      fiery_altar_vehumet, old_standard_altar, grunt_qazlal_clouds,
          first_ration, chequers_ecumenical_altar_island
